 Dungeon Crawl Stone Soup version 0.30-a0-715-gdb4ae3ece1 (webtiles) character file.

Game seed: 10242018710903712789

16 cforsyth the Caller (level 2, -1/19 HPs)
             Began as a Demonspawn Summoner on Jan 25, 2023.
             Slain by a quokka (3 damage)
             ... on level 1 of the Dungeon.
             The game lasted 00:01:01 (435 turns).

cforsyth the Caller (Demonspawn Summoner)            Turns: 435, Time: 00:01:01

Health: -1/19      AC:  4    Str:  8    XL:     2   Next: 37%
Magic:  5/5        EV: 12    Int: 16    God:
Gold:   0          SH:  0    Dex: 13    Spells: 4/5 levels left

rFire   . . .      SeeInvis .    (no weapon)
rCold   . . .      Faith    .    (no shield)
rNeg    . . .      Spirit   .    a - +0 robe
rPois   .          Reflect  .    (no helmet)
rElec   .          Harm     .    (no cloak)
rCorr   .          Rampage  .    (no gloves)
Will    .....                    (no boots)
Stlth   ++                       (no amulet)
HPRegen 0.23/turn                (no ring)
MPRegen 0.09/turn                (no ring)

@: no status effects
A: molten scales 1
a: no special abilities


You were on level 1 of the Dungeon.
You visited 1 branch of the dungeon, and saw 1 of its levels.

Inventory:

Armour
 a - a +0 robe (worn)
Potions
 b - a potion of magic


   Skills:
 - Level 1.7 Dodging
 - Level 1.7 Stealth
 + Level 2.4 Spellcasting
 + Level 4.3 Summonings


You had 4 spell levels left.
You knew the following spells:

 Your Spells              Type           Power      Damage    Failure   Level
a - Summon Small Mammal   Summ           60%        N/A       3%          1

Your spell library contained the following spells:

 Spells                   Type           Power      Damage    Failure   Level
 Call Imp                 Summ           15%        N/A       4%          2
 Call Canine Familiar     Summ           15%        N/A       10%         3
 Summon Guardian Golem    Hex/Summ       8%         N/A       24%         3
 Summon Lightning Spire   Summ/Air       8%         N/A       63%         4


Dungeon Overview and Level Annotations

Branches:
Dungeon (1/15)

Altars:


Innate Abilities, Weirdness & Mutations

You are partially covered in molten scales. (AC +2)


Message History

Your quokka barely misses the endoplasm.
The quokka bites your rat.
Your rat dies!
Your rat's corpse disappears in a puff of smoke!
Your quokka bites the endoplasm.
The endoplasm dies!
Unknown command.
Your quokka closely misses the hobgoblin.
The hobgoblin completely misses you.
Your quokka bites the hobgoblin. x2
Your quokka barely misses the giant cockroach.
The quokka barely misses you. The quokka attacks as you move away!
The quokka misses you.
Your quokka barely misses the hobgoblin.
The quokka bites you but does no damage.
The quokka attacks as you move away!
The quokka bites you but does no damage.
The quokka attacks as you move away! The quokka bites you.
* * * LOW HITPOINT WARNING * * *
Your quokka barely misses the hobgoblin.
The quokka barely misses you. The quokka attacks as you move away!
The quokka barely misses you. The quokka attacks as you move away!
The quokka bites you.
* * * LOW HITPOINT WARNING * * *
Your quokka completely misses the hobgoblin.
The quokka attacks as you move away! The quokka completely misses you.
The quokka closely misses you.
The giant cockroach attacks as you move away!
The giant cockroach barely misses you.
Your quokka disappears in a puff of smoke!
The quokka twitches its whiskers.
The giant cockroach attacks as you move away!
The giant cockroach completely misses you.
The quokka attacks as you move away!
The quokka bites you but does no damage.
The giant cockroach waves its antennae.
The giant cockroach bites you.
* * * LOW HITPOINT WARNING * * *
The quokka bites you.
You die...

###########
#.........############
#.........#..........#
#........r@.#######..#
##........B.## ##.##
##...g......## #..#
#..ยง....g.(.# #.##
##.#.........# #####.##
# ##..#####..####
#......# ###..## #..#
#####......## .gr.##
##.###...........##
....#
######.#...###........#


You could see a quokka, a giant cockroach and 2 hobgoblins.

Vanquished Creatures
  A hobgoblin (D:1)
  A kobold (D:1)
2 creatures vanquished.

Vanquished Creatures (collateral kills)
  2 bats (D:1)
  An endoplasm (D:1)
  A giant cockroach (D:1)
  A goblin (D:1)
  2 hobgoblins (D:1)
  A quokka (D:1)
  2 frilled lizards (D:1)
  A rat (D:1)
11 creatures vanquished.

Grand Total: 13 creatures vanquished

Notes
Turn   | Place    | Note
-------+----------+-------------------------------------------
     0 | D:1      | cforsyth the Demonspawn Summoner began the quest for the
                  | Orb.
     0 | D:1      | Reached XP level 1. HP: 13/13 MP: 3/3
   203 | D:1      | Gained mutation: You are partially covered in molten
                  | scales. (AC +2) [demonic ancestry]
   203 | D:1      | Reached XP level 2. HP: 19/19 MP: 1/5
   435 | D:1      | Slain by a quokka

Illustrated notes

Levels and vault maps discovered:
D:1:      wheals_arrival_linesprint, layout_rooms, minmay_misc_feat_roman,
          bh_walls_and_bars

Action                     || total
---------------------------++-------
  Melee: Unarmed           ||    26
         Punch             ||     1
   Cast: Summon Small Mamm ||    16
   Stab: Distracted        ||     1
 Armour: Robe              ||    11
  Dodge: Dodged            ||    39

Table legend: (Time is in decaauts)
 A = Elapsed time spent in this place.
 B = Non-inter-level travel time spent in this place.
 C = Inter-level travel time spent in this place.
 D = Time resting spent in this place.
 E = Time spent auto-exploring this place.
 F = Levels seen in this place.
 G = Mean time per level.
                   A        B        C        D        E       F      G
               +--------+--------+--------+--------+--------+-----+--------+
         Total |    435 |    435 |      0 |      0 |    313 |   1 |  435.0 |
       Dungeon |    435 |    435 |      0 |      0 |    313 |   1 |  435.0 |
               +--------+--------+--------+--------+--------+-----+--------+

Top non-repeatable levels by time:
     D:1: 435 daAuts
